 Dungeon Crawl Stone Soup version 0.29.0-4-gdea44cf6ec (webtiles) character file.

Game seed: 12666833867738063495

4685 qw the Blocker (level 10, -3/63 HPs)
             Began as a Gargoyle Berserker on Sept 4, 2022.
             Was a Priest of Trog.
             Slain by a boulder beetle (20 damage)
             ... on level 7 of the Dungeon.
             The game lasted 00:03:09 (9103 turns).

qw the Blocker (Gargoyle Berserker)                 Turns: 9103, Time: 00:03:09

Health: -3/63      AC: 25    Str: 26    XL:     10   Next: 44%
Magic:  10/10      EV:  6    Int:  7    God:    Trog [***...]
Gold:   1498       SH: 10    Dex:  9    Spells: 9/9 levels left

rFire   . . .      SeeInvis +   Y - +1 war axe
rCold   . . .      Faith    .   c - +0 kite shield
rNeg    + . .      Spirit   .   u - +0 plate armour
rPois   inf        Reflect  .   j - +2 helmet
rElec   +          Harm     .   g - +1 cloak
rCorr   .          Rampage  .   (no gloves)
Will    +....                   (no boots)
Stlth   ..........              (no amulet)
HPRegen 0.20/turn               o - ring of see invisible
MPRegen 0.12/turn               q - ring of willpower

@: on berserk cooldown, slowed, very slow
A: sickness immunity, AC +7, negative energy resistance 1, electricity
resistance, torment resistance 1, petrification resistance
a: Renounce Religion, Berserk, Trog's Hand


You were on level 7 of the Dungeon.
You worshipped Trog.
Trog was most pleased with you.
You visited 1 branch of the dungeon, and saw 7 of its levels.
You also visited: Sewer.

You collected 1548 gold pieces.
You spent 50 gold pieces at shops.


Innate Abilities, Weirdness & Mutations

You are immune to sickness and miasma.
Your stone body is resilient. (AC +7)
You are immune to poison.
You resist negative energy. (rN+)
You are resistant to electric shocks. (rElec)
You are resistant to unholy torment.
You are immune to petrification.


   Skills:
 - Level 7.0 Fighting
 + Level 9.0 Axes
 - Level 2.2 Throwing
 - Level 6.2 Armour
 - Level 1.5 Dodging
 - Level 9.2 Shields


You had 9 spell levels left.
You didn't know any spells.
Your spell library was empty.

Inventory:

Hand Weapons
 e - a +0 flail
 Y - a +1 war axe (weapon)
Missiles
 i - 12 boomerangs
 s - 4 javelins (quivered)
Armour
 c - a +0 kite shield (worn)
 g - a +1 cloak (worn)
 j - a +2 helmet (worn)
 l - a +0 pair of boots
 u - a +0 plate armour (worn)
Jewellery
 o - a ring of see invisible (left hand)
 q - a ring of willpower (right hand)
Scrolls
 d - 2 scrolls of teleportation
 m - 5 scrolls of identify
Potions
 a - a potion of resistance
 b - 2 potions of heal wounds
 f - 5 potions of curing
 h - 3 potions of haste
 k - 3 potions of mutation
 p - a potion of lignification {unknown}
 r - a potion of magic {unknown}

Dungeon Overview and Level Annotations

Branches:
Dungeon (7/15)             Temple (0/1) D:4           Sewer (visited)

Altars:
Dithmenos

Shops:
D:2 *[!*(


Message History

You barely miss the centaur warrior.
The centaur warrior is severely wounded.
The centaur warrior hits you. The centaur warrior barely misses you.
You block the centaur warrior's attack.
The centaur warrior kicks you but does no damage.
You slash the centaur warrior!
The centaur warrior is almost dead.
The centaur warrior closely misses you. You block the centaur warrior's attack.
You slice the centaur warrior!!
You kill the centaur warrior!
Trog accepts your kill.
Your Shields skill increases to level 9!
You slash the boulder beetle!
The boulder beetle is lightly wounded.
The boulder beetle bites you but does no damage.
You hit the boulder beetle but do no damage.
The boulder beetle is lightly wounded.
The boulder beetle bites you but does no damage.
You slash the boulder beetle!
The boulder beetle is moderately wounded.
You hit the boulder beetle but do no damage.
The boulder beetle is moderately wounded.
You block the boulder beetle's attack.
You hit the boulder beetle.
The boulder beetle is moderately wounded.
The boulder beetle bites you!
You hit the boulder beetle.
The boulder beetle is moderately wounded.
You block the boulder beetle's attack.
You slash the boulder beetle!
The boulder beetle is moderately wounded.
You hit the boulder beetle.
The boulder beetle is moderately wounded.
The boulder beetle bites you.
You hit the boulder beetle.
The boulder beetle is heavily wounded.
You are no longer berserk.
You are exhausted.
You feel yourself slow down. The boulder beetle bites you!!
You die...

777777...7777 #.
#7.7.7.~~~.7.7. #.
#......~~~..... #.
#7.7.7.~~~.7.7. #.
7777...7777 #.
#####7.7# ##
7...7..77777
#(##77.77.7.77..777#
#.B@77.7777.7.7.7.#
. #.##7.7.7
7.7.77.7# . 77..7
77...7777 . ####
7.7##### . # 77.77
7.7 77.77 . #
#7.7.777.777.7.7#. #
#.777.77.77.777.#. #
#77 77.7.7.77 77#. #
77)..77 #.


You could see a boulder beetle.

Vanquished Creatures
  A centaur warrior (D:7)
  Grinder (D:4)
  A vampire mosquito (D:7)
  A steam dragon (D:6)
  Menkaure (D:4)
  An acid dragon (D:7)
  6 water moccasins
  3 black bears
  3 ice beasts
  2 ogres
  12 kobold brigands (Sewer)
  3 scorpions (D:5)
  2 bullfrogs (D:7)
  A wight (D:7)
  2 killer bees
  A howler monkey (D:5)
  A gnoll bouda (D:7)
  2 orc priests
  A jelly (D:7)
  3 hounds
  4 iguanas
  Natasha (thrice) (D:4)
  3 orc wizards
  7 gnolls
  9 adders
  A white imp (D:6)
  4 ufetubi
  A worm (D:3)
  3 dart slugs
  24 orcs
  6 endoplasms
  6 giant cockroaches
  6 hobgoblins
  3 jackals (D:4)
  2 quokkas (D:2)
  13 ball pythons
  5 bats
  3 frilled lizards
  7 goblins
  12 kobolds
  11 rats
181 creatures vanquished.

Notes
Turn   | Place    | Note
-------+----------+-------------------------------------------
     0 | D:1      | qw the Gargoyle Berserker began the quest for the Orb.
     0 | D:1      | Reached XP level 1. HP: 14/14 MP: 1/1
     0 | D:1      | 0 ||| qw: Version: 0.1-a-103-gd6f5d3a
     0 | D:1      | 0 ||| qw: Game counter: 5569
     0 | D:1      | 0 ||| qw: Always use a shield: true
     0 | D:1      | 0 ||| qw: Do Orc after D:15 true
     0 | D:1      | 0 ||| qw: Do second Lair branch before Depths: true
     0 | D:1      | 0 ||| qw: Lair rune preference: random
     0 | D:1      | 0 ||| qw: Plans: Normal
     0 | D:1      | 0 ||| PLANNING D:1-11
   301 | D:1      | Reached skill level 3 in Axes
   384 | D:1      | Reached XP level 2. HP: 18/19 MP: 2/2
   424 | D:1      | 424 ||| Stepping ~*~*~tactically~*~*~ (stealth).
  1148 | D:1      | 1148 ||| Stepping ~*~*~tactically~*~*~ (hiding).
  1250 | D:1      | 1250 ||| Stepping ~*~*~tactically~*~*~ (hiding).
  1352 | D:1      | 1352 ||| Stepping ~*~*~tactically~*~*~ (hiding).
  1361 | D:1      | Reached XP level 3. HP: 19/23 MP: 3/3
  1736 | D:1      | Found a faded altar of an unknown god.
  1748 | D:1      | 1748 ||| DROPPING +0 club.
  1749 | D:1      | 1749 ||| UPGRADING to +0 leather armour.
  1759 | D:1      | 1759 ||| DROPPING +0 animal skin.
  1760 | D:1      | 1760 ||| UPGRADING to +0 cloak.
  1765 | D:1      | 1765 ||| UPGRADING to +0 helmet.
  1770 | D:1      | 1770 ||| READING scroll labelled HAECOWEYSK.
  1771 | D:1      | 1771 ||| READING scroll labelled TIUSTR BICOFUA.
  1772 | D:1      | 1772 ||| READING scroll labelled RENUSEYTAI.
  1773 | D:1      | 1773 ||| DRINKING 3 bubbling yellow potions.
  2003 | D:2      | Found Hucux's General Store.
  2025 | D:2      | Reached ** piety under Trog
  2038 | D:2      | 2038 ||| SHOPLISTING potion of haste (100 gold, have 64).
  2038 | D:2      | 2038 ||| BUYING potion of heal wounds (50 gold).
  2038 | D:2      | Bought a potion of heal wounds for 50 gold pieces
  2038 | D:2      | 2038 ||| SHOPLISTING scroll of teleportation (30 gold, have
                  | 14).
  2040 | D:2      | 2040 ||| DROPPING -1 mace.
  2075 | D:2      | 2075 ||| Stepping ~*~*~tactically~*~*~ (stealth).
  2101 | D:2      | Found a shadowy altar of Dithmenos.
  2411 | D:2      | Found Itygiren's Distillery.
  2418 | D:2      | 2418 ||| SHOPLISTING potion of cancellation (80 gold, have
                  | 28).
  2418 | D:2      | 2418 ||| SHOPLISTING potion of heal wounds (50 gold, have
                  | 28).
  2418 | D:2      | 2418 ||| SHOPLISTING potion of might (40 gold, have 28).
  2462 | D:2      | Found Wyasinwi's General Store.
  2474 | D:2      | 2474 ||| SHOPLISTING 2 potions of cancellation (160 gold,
                  | have 28).
  2474 | D:2      | 2474 ||| SHOPLISTING potion of curing (30 gold, have 28).
  2493 | D:2      | Reached XP level 4. HP: 28/28 MP: 4/4
  2543 | D:2      | 2543 ||| SWAPPING to +0 war axe.
  2574 | D:2      | 2574 ||| DROPPING +0 hand axe.
  2590 | D:2      | Found Caudgh's Antique Armour Emporium.
  2605 | D:2      | 2605 ||| SHOPLISTING ring mail (88 gold, have 37).
  2605 | D:2      | 2605 ||| SHOPLISTING runed helmet (165 gold, have 37).
  2605 | D:2      | 2605 ||| SHOPLISTING spiked helmet (209 gold, have 37).
  2703 | D:2      | Found Jix Edus's Antique Weapon Shoppe.
  2705 | D:2      | 2705 ||| Stepping ~*~*~tactically~*~*~ (hiding).
  2706 | D:2      | 2706 ||| Stepping ~*~*~tactically~*~*~ (hiding).
  2873 | D:2      | 2873 ||| READING 3 scrolls labelled VYP IS TEREIFI.
  2874 | D:2      | 2874 ||| READING scroll labelled EZASA AQAFUWI.
  2875 | D:2      | 2875 ||| READING scroll labelled ENUDETY ETYTACW.
  2876 | D:2      | 2876 ||| READING scroll labelled QUFACS LYIC.
  2879 | D:2      | 2879 ||| READING 2 scrolls of identify.
  2879 | D:2      | 2879 ||| IDENTIFYING white potion
  3282 | D:3      | 3282 ||| Stepping ~*~*~tactically~*~*~ (stealth).
  3296 | D:3      | 3296 ||| DRINKING 2 potions of curing.
  3296 | D:3      | 3296 ||| (to cure confusion)
  3299 | D:3      | 3299 ||| INVOKING Berserk.
  3310 | D:3      | 3310 ||| DRINKING potion of curing.
  3310 | D:3      | 3310 ||| (to cure confusion)
  3333 | D:3      | 3333 ||| Stepping ~*~*~tactically~*~*~ (stealth).
  3336 | D:3      | 3336 ||| Stepping ~*~*~tactically~*~*~ (stealth).
  3337 | D:3      | 3337 ||| Stepping ~*~*~tactically~*~*~ (stealth).
  3834 | D:3      | 3834 ||| UPGRADING to +0 chain mail.
  3844 | D:3      | 3844 ||| DROPPING +0 leather armour.
  3845 | D:3      | 3845 ||| UPGRADING to ring of see invisible.
  3846 | D:3      | 3846 ||| UPGRADING to ring of willpower.
  3847 | D:3      | 3847 ||| READING scroll labelled BAKAPI ZUESS.
  3848 | D:3      | 3848 ||| READING scroll labelled WUNUG TOWICIT.
  3849 | D:3      | 3849 ||| READING 2 scrolls of identify.
  3849 | D:3      | 3849 ||| IDENTIFYING lumpy green potion
  3861 | D:4      | 3861 ||| Stepping ~*~*~tactically~*~*~ (stealth).
  3865 | D:4      | 3865 ||| Stepping ~*~*~tactically~*~*~ (stealth).
  3871 | D:4      | Reached XP level 5. HP: 23/32 MP: 5/5
  3954 | D:4      | 3954 ||| Stepping ~*~*~tactically~*~*~ (stealth).
  3994 | D:4      | Found a staircase to the Ecumenical Temple.
  4020 | D:4      | Noticed Grinder
  4021 | D:4      | 4021 ||| INVOKING Trog's Hand.
  4022 | D:4      | 4022 ||| INVOKING Berserk.
  4037 | D:4      | Killed Grinder
  4038 | D:4      | Reached XP level 6. HP: 30/38 MP: 6/6
  4092 | D:4      | 4092 ||| DROPPING +0 whip.
  4160 | D:4      | Noticed Natasha
  4163 | D:4      | 4163 ||| INVOKING Berserk.
  4168 | D:4      | Killed Natasha
  4313 | D:4      | Noticed Natasha
  4314 | D:4      | 4314 ||| Stepping ~*~*~tactically~*~*~ (stealth).
  4316 | D:4      | 4316 ||| Stepping ~*~*~tactically~*~*~ (hiding).
  4319 | D:4      | 4319 ||| INVOKING Berserk.
  4323 | D:4      | Killed Natasha
  4337 | D:4      | Noticed Natasha
  4338 | D:4      | 4338 ||| Stepping ~*~*~tactically~*~*~ (stealth).
  4342 | D:4      | 4342 ||| Stepping ~*~*~tactically~*~*~ (stealth).
  4343 | D:4      | 4343 ||| Stepping ~*~*~tactically~*~*~ (stealth).
  4344 | D:4      | 4344 ||| Stepping ~*~*~tactically~*~*~ (hiding).
  4345 | D:4      | 4345 ||| Stepping ~*~*~tactically~*~*~ (hiding).
  4346 | D:4      | 4346 ||| Stepping ~*~*~tactically~*~*~ (hiding).
  4347 | D:4      | 4347 ||| Stepping ~*~*~tactically~*~*~ (hiding).
  4356 | D:4      | Killed Natasha
  4357 | D:4      | Reached XP level 7. HP: 24/43 MP: 7/7
  4507 | D:4      | Noticed Menkaure
  4511 | D:4      | 4511 ||| INVOKING Berserk.
  4517 | D:4      | Killed Menkaure
  4851 | D:4      | 4851 ||| READING scroll labelled GUCUTE HOLAAFA.
  4915 | D:4      | 4915 ||| READING scroll labelled BANWUR HAI.
  4935 | D:5      | Entered Level 5 of the Dungeon
  4947 | D:5      | 4947 ||| FLEEEEING.
  4948 | D:5      | 4948 ||| FLEEEEING.
  4949 | D:5      | 4949 ||| FLEEEEING.
  4950 | D:5      | 4950 ||| STAIRDANCE
  5000 | D:5      | Reached skill level 6 in Axes
  5032 | D:5      | 5032 ||| INVOKING Berserk.
  5085 | D:5      | 5085 ||| Stepping ~*~*~tactically~*~*~ (stealth).
  5086 | D:5      | 5086 ||| Stepping ~*~*~tactically~*~*~ (stealth).
  5194 | D:5      | 5194 ||| Stepping ~*~*~tactically~*~*~ (hiding).
  5198 | D:5      | 5198 ||| INVOKING Berserk.
  5202 | D:5      | Reached XP level 8. HP: 48/48 MP: 8/8
  5357 | D:5      | 5357 ||| INVOKING Berserk.
  5564 | D:5      | 5564 ||| INVOKING Berserk.
  5809 | D:5      | 5809 ||| Stepping ~*~*~tactically~*~*~ (stealth).
  6070 | D:5      | 6070 ||| UPGRADING to +0 kite shield.
  6075 | D:5      | 6075 ||| UPGRADING to +0 plate armour.
  6085 | D:5      | 6085 ||| DROPPING +0 chain mail.
  6086 | D:5      | 6086 ||| DROPPING amulet of magic regeneration.
  6087 | D:5      | 6087 ||| READING scroll labelled MEYZYW OSACSO.
  6088 | D:5      | 6088 ||| READING 2 scrolls of identify.
  6088 | D:5      | 6088 ||| IDENTIFYING fuming green potion
  6089 | D:5      | 6089 ||| DROPPING potion of attraction.
  6109 | D:6      | Found a glowing drain.
  6110 | D:6      | 6110 ||| PLANNING SEWER
  6160 | Sewer    | Entered a sewer
  6204 | Sewer    | Reached skill level 3 in Shields
  6368 | Sewer    | Reached *** piety under Trog
  6589 | Sewer    | Reached XP level 9. HP: 51/54 MP: 9/9
  6630 | Sewer    | 6630 ||| Stepping ~*~*~tactically~*~*~ (water).
  6639 | Sewer    | Reached skill level 6 in Shields
  6820 | Sewer    | 6820 ||| Stepping ~*~*~tactically~*~*~ (water).
  7039 | Sewer    | 7039 ||| READING scroll labelled UJICRI GIUSUYSM.
  7039 | Sewer    | Identified a scroll of acquirement
  7039 | Sewer    | 7039 ||| ACQUIRING 1208 gold pieces
  7039 | Sewer    | Acquired 1208 gold pieces
  7064 | D:6      | 7064 ||| PLANNING D:1-11
  7080 | D:6      | 7080 ||| Stepping ~*~*~tactically~*~*~ (hiding).
  7082 | D:6      | 7082 ||| Stepping ~*~*~tactically~*~*~ (hiding).
  7213 | D:6      | 7213 ||| INVOKING Berserk.
  7408 | D:6      | 7408 ||| INVOKING Berserk.
  7420 | D:6      | Reached skill level 6 in Fighting
  7749 | D:6      | 7749 ||| DRINKING 2 dark potions.
  7750 | D:6      | 7750 ||| READING 2 scrolls of identify.
  7750 | D:6      | 7750 ||| IDENTIFYING smoky clear potion
  7751 | D:6      | 7751 ||| DROPPING potion of brilliance.
  7771 | D:7      | 7771 ||| STAIRDANCE
  7878 | D:7      | 7878 ||| INVOKING Berserk.
  8009 | D:7      | Identified the +6 lajatang "Niericho" {elec, rC- Dex+4}
  8043 | D:7      | Reached skill level 9 in Axes
  8043 | D:7      | Reached XP level 10. HP: 53/60 MP: 10/10
  8118 | D:7      | 8118 ||| INVOKING Berserk.
  8122 | D:7      | Reached skill level 6 in Armour
  8283 | D:7      | 8283 ||| INVOKING Berserk.
  8338 | D:7      | 8338 ||| Stepping ~*~*~tactically~*~*~ (stealth).
  8363 | D:7      | 8363 ||| READING 3 scrolls of enchant armour.
  8363 | D:7      | 8363 ||| ENCHANTING +0 helmet.
  8364 | D:7      | 8364 ||| READING 2 scrolls of enchant armour.
  8364 | D:7      | 8364 ||| ENCHANTING +1 helmet.
  8365 | D:7      | 8365 ||| READING scroll of enchant armour.
  8365 | D:7      | 8365 ||| ENCHANTING +0 cloak.
  8563 | D:7      | 8563 ||| INVOKING Berserk.
  8822 | D:7      | 8822 ||| FLEEEEING.
  8823 | D:7      | 8823 ||| FLEEEEING.
  8824 | D:7      | 8824 ||| FLEEEEING.
  8825 | D:7      | 8825 ||| FLEEEEING.
  8826 | D:7      | 8826 ||| FLEEEEING.
  8827 | D:7      | 8827 ||| FLEEEEING.
  8828 | D:7      | 8828 ||| FLEEEEING.
  8829 | D:7      | 8829 ||| FLEEEEING.
  8840 | D:7      | 8840 ||| Stepping ~*~*~tactically~*~*~ (hiding).
  8841 | D:7      | 8841 ||| Stepping ~*~*~tactically~*~*~ (hiding).
  8860 | D:7      | 8860 ||| INVOKING Berserk.
  9079 | D:7      | Noticed a boulder beetle
  9080 | D:7      | Noticed a centaur warrior
  9081 | D:7      | 9081 ||| Stepping ~*~*~tactically~*~*~ (stealth).
  9083 | D:7      | 9083 ||| Stepping ~*~*~tactically~*~*~ (hiding).
  9086 | D:7      | 9086 ||| INVOKING Berserk.
  9094 | D:7      | Killed a centaur warrior
  9095 | D:7      | Reached skill level 9 in Shields
  9103 | D:7      | Slain by a boulder beetle

Levels and vault maps discovered:
D:1:      scummos_arrival_forest, layout_basic, ebering_ecumenical_altar_rust,
          serial_park_tiny_2, st_stairs_8, minmay_pentomino_v4
D:2:      layout_loops_cross, basic_altar, serial_shops, nicolae_diamond_shop,
          shop, nicolae_diamond_shop, nicolae_shop_hallway_plus, shop
D:3:      layout_loops_ring
D:4:      layout_rooms, minmay_temple_entry_slanted, uniq_grinder,
          uniq_menkaure, uniq_natasha
D:5:      layout_basic, minmay_manual_moon
D:6:      layout_rooms, gup_sewer_entry_glass, st_stairs_10
D:7:      nzn_winding_woodlands_three_and_one [nzn_winding_woodlands_5x15_pool,
          nzn_winding_woodlands_5x15_jagged,
          nzn_winding_woodlands_5x15_sawtooth,
          nzn_winding_woodlands_center_diamonds], layout_loops_corners,
          mainiacjoe_overflow_alcove_2, enter_bailey_2,
          ebering_ghost_rock_garden, minmay_misc_feat_iff

Skill      XL: |  1  2  3  4  5  6  7  8  9 10 |
---------------+-------------------------------+-----
Axes           | 3 4 5 6 7 9 |  9.0
Fighting       | 4 5 6 7 |  7.0
Armour         | 4 5 6 |  6.2
Throwing       | 2 |  2.2
Shields        | 5 8 9 |  9.2
Dodging        | |  1.5

Action                   |  1- 3 |  4- 6 |  7- 9 | 10-12 || total
-------------------------+-------+-------+-------+-------++-------
Melee: Hand axe          |   165 |       |       |       ||   165
       Punch             |     2 |       |     2 |       ||     4
       War axe           |       |    93 |   309 |    92 ||   494
Throw: Boomerang         |       |    29 |       |       ||    29
       Javelin           |       |       |    46 |     3 ||    49
Invok: Berserk           |       |     4 |     8 |     5 ||    17
       Trog's Hand       |       |     1 |       |       ||     1
  Use: Scroll            |     3 |     8 |     6 |     3 ||    20
       Potion            |     1 |     2 |     1 |       ||     4
Armor: Animal skin       |    47 |       |       |       ||    47
       Leather armour    |    24 |    19 |       |       ||    43
       Chain mail        |       |    38 |    53 |       ||    91
       Plate armour      |       |       |   115 |    65 ||   180
Dodge: Dodged            |    91 |    43 |    77 |    19 ||   230
Block: Kite shield       |       |       |   100 |    45 ||   145

Table legend:
 A = Non-vault XP
 B = Vault XP
 C = Vault XP percentage of total XP
 D = Non-vault monster count
 E = Vault monster count
 F = Vault count percentage of total count
                 A         B        C        D         E       F
            +---------+---------+-------+---------+---------+-------
      Total |    2740 |    3953 |  59.1 |     126 |      55 |  30.4
            +---------+---------+-------+---------+---------+-------
        D:1 |      29 |       7 |  19.4 |      20 |       4 |  16.7
        D:2 |      52 |       0 |   0.0 |      23 |       0 |   0.0
        D:3 |      71 |       0 |   0.0 |      15 |       0 |   0.0
        D:4 |     220 |     483 |  68.7 |      21 |       3 |  12.5
        D:5 |     722 |     195 |  21.3 |      18 |       3 |  14.3
        D:6 |     683 |     214 |  23.9 |      11 |       6 |  35.3
        D:7 |     963 |    1807 |  65.2 |      18 |      11 |  37.9
      Sewer |       0 |    1247 | 100.0 |       0 |      28 | 100.0
            +---------+---------+-------+---------+---------+-------
